 Dungeon Crawl Stone Soup version 0.28-a0-1087-gf3fc490d9d (webtiles) character file.

Game seed: 16071818413007571756

15595 ytrimaz the Martial Artist (level 12, -3/97 HPs)
             Began as an Octopode Transmuter on Dec 10, 2021.
             Was a Believer of Ashenzari.
             Slain by an azure jelly (7 damage)
             ... in an ice cave.
             The game lasted 00:16:58 (15554 turns).

ytrimaz the Martial Artist (Octopode Transmuter)   Turns: 15554, Time: 00:16:59

Health: -3/97      AC:  8    Str: 10    XL:     12   Next: 28%
Magic:  23/24      EV: 20    Int: 20    God:    Ashenzari [**....]
Gold:   633        SH:  5    Dex: 18    Spells: 17/27 levels left

rFire   x . .      SeeInvis +     - Unarmed
rCold   + + +      Faith    .   (shield currently unavailable)
rNeg    . . .      Spirit   .   (helmet currently unavailable)
rPois   +          Reflect  +   r - amulet "Prescient Water Diviner" {Reflect SH+5, Bglg, Melee} (curse)
rElec   .          Harm     .   i - ring "Nihilism of Ashenzari" {EV+4, Melee, Elem} (curse)
rCorr   .          Rampage  .   l - ring "All-seeing Servitude" {rPois, Alch, Bglg} (curse)
Will    .....                   k - ring of the Tethered Visionary {rC+, Alch, Bglg} (curse)
Stlth   ++........              d - ring of Cremastomancy {Dex+6, Melee, Cun} (curse)
HPRegen 0.26/turn               (no ring)
MPRegen 0.19/turn               (no ring)
                                (no ring)
                                (no ring)

@: ice-form
A: freezing attack, boosted hp, almost no armour, amphibious, 8 rings, large,
(camouflage 1), (gelatinous body 1), (nimble swimmer 1), (tentacles)
a: End Transformation, Renounce Religion, Curse Item, Shatter the Chains


You were in an ice cave.
You worshipped Ashenzari.
Ashenzari was pleased with you.
You were a creature of crystalline ice.
You visited 3 branches of the dungeon, and saw 12 of its levels.
You also visited: Ice Cave.

You collected 633 gold pieces.

Inventory:

Jewellery
 d - the cursed ring of Cremastomancy (on tentacle) {Dex+6, Melee, Cun}
   (You found it on level 8 of the Dungeon)

   [ring of dexterity]

   Dex:       It affects your dexterity (+6).
   It has a curse which improves the following skills: Melee Combat: Short
   Blades, Long Blades, Axes, Maces & Flails, Polearms, Staves and Unarmed
   Combat.
   Cunning:   Dodging and Stealth.
 i - the cursed ring "Nihilism of Ashenzari" (left front paw) {EV+4, Melee, Elem}
   (You found it on level 3 of the Dungeon)

   [ring of evasion]

   EV:        It affects your evasion (+4).
   It has a curse which improves the following skills: Melee Combat: Short
   Blades, Long Blades, Axes, Maces & Flails, Polearms, Staves and Unarmed
   Combat.
   Elements:  Fire Magic, Ice Magic, Air Magic and Earth Magic.
 k - the cursed ring of the Tethered Visionary (on tentacle) {rC+, Alch, Bglg}
   (You found it on level 5 of the Dungeon)

   [ring of protection from cold]

   rC:        It protects you from cold.
   It has a curse which improves the following skills: Alchemy: Poison Magic and
   Transmutations.
   Beguiling: Conjurations, Hexes and Translocations.
 l - the cursed ring "All-seeing Servitude" (right front paw) {rPois, Alch, Bglg}
   (You found it on level 4 of the Dungeon)

   [ring of poison resistance]

   rPois:     It protects you from poison.
   It has a curse which improves the following skills: Alchemy: Poison Magic and
   Transmutations.
   Beguiling: Conjurations, Hexes and Translocations.
 r - the cursed amulet "Prescient Water Diviner" (around neck) {Reflect SH+5, Bglg, Melee}
   (You found it on level 5 of the Dungeon)

   [amulet of reflection]

   It reflects blocked missile attacks.
   SH:        It affects your SH (+5).
   It has a curse which improves the following skills: Beguiling: Conjurations,
   Hexes and Translocations.
   Melee Combat: Short Blades, Long Blades, Axes, Maces & Flails, Polearms,
   Staves and Unarmed Combat.
Wands
 a - a wand of paralysis (18)
 e - a wand of flame (4)
 p - a wand of iceblast (13)
 s - a wand of charming (8)
Scrolls
 h - 2 scrolls of vulnerability
 m - 2 scrolls of magic mapping
 t - a scroll of fear
Potions
 b - a potion of lignification
 c - 6 potions of curing
 f - a potion of flight
 g - a potion of berserk rage
 j - 2 potions of cancellation
 n - a potion of magic
 o - 3 potions of mutation
 q - 2 potions of attraction
 v - a potion of resistance
 w - 10 potions of ambrosia


   Skills:
 * Level 7.5 Fighting
 * Level 8.8(10.2) Dodging
 - Level 0.6 Shields
 + Level 11.2(14.3) Unarmed Combat
 * Level 8.4 Spellcasting
 * Level 8.6(10.9) Transmutations
 - Level 0.3(1.0) Poison Magic
 + Level 0.3 Evocations


You had 17 spell levels left.
You knew the following spells:

 Your Spells              Type           Power      Damage    Failure   Level
a - Beastly Appendage     Tmut           100%       N/A       1%          1
b - Spider Form           Tmut/Pois      32%        N/A       1%          3
c - Wereblood             Tmut           51%        N/A       1%          2
d - Ice Form              Ice/Tmut       30%        N/A       9%          4

Your spell library contained the following spells:

 Spells                   Type           Power      Damage    Failure   Level
 Magic Dart               Conj           40%        1d5       7%          1
 Call Imp                 Summ           8%         N/A       12%         2
 Scorch                   Fire           18%        2d6       12%         2
 Mephitic Cloud           Conj/Pois/Air  10%        N/A       19%         3
 Portal Projectile        Hex/Tloc       20%        N/A       21%         3
 Call Canine Familiar     Summ           8%         N/A       24%         3
 Flame Wave               Conj/Fire      9%         2d4       58%         4
 Hailstorm                Conj/Ice       9%         3d4       58%         4
 Leda's Liquefaction      Hex/Erth       4%         N/A       58%         4
 Eringya's Noxious Bog    Tmut/Pois      16%        N/A       71%         6
 Summon Forest            Summ/Tloc      4%         N/A       91%         5
 Simulacrum               Ice/Necr       4%         N/A       100%        6
 Summon Cactus Giant      Summ           4%         N/A       100%        6
 Summon Hydra             Summ           4%         N/A       100%        7


Dungeon Overview and Level Annotations

Branches:
Dungeon (9/15)             Temple (1/1) D:4            Lair (0/6) D:9
    Orc (2/2) D:9           IceCv (1/1)
    Elf: Orc:2

Altars:
Ashenzari
Dithmenos
Elyvilon
Gozag
Hepliaklqana
Kikubaaqudgha
Makhleb
Nemelex Xobeh
Okawaru
Qazlal
Ru
Sif Muna
Trog
Uskayaw
Wu Jian
Xom
Yredelemnul
Zin
The Shining One
Beogh

Shops:
D:7 (

Annotations:
D:6 3 runed translucent doors, bande's ghost, novice GrFi


Innate Abilities, Weirdness & Mutations

You are a creature of crystalline ice.
You have a powerful freezing melee attack.
Your maximum health is increased.
Your armour is entirely melded.
You are incapable of wielding weapons or throwing items.
You cannot wear most types of armour.
You are amphibious.
You can wear up to eight rings at the same time.
((Your skin changes colour to match your surroundings (Stealth+).))
((Your rubbery body absorbs attacks. (AC +1, EV +1)))
((You are camouflaged near water. (Stealth+)))
((You have tentacles for arms and can constrict up to eight enemies at once.))


Message History

The azure jelly freezes you! You resist. The azure jelly hits you.
The azure jelly hits you but does no damage.
You barely miss the azure jelly. The azure jelly hits you.
The azure jelly freezes you. You resist. The azure jelly barely misses you.
The azure jelly hits you but does no damage. x2
You punch the azure jelly!
The azure jelly is lightly wounded.
The azure jelly hits you. The azure jelly freezes you! You resist.
The azure jelly misses you. The azure jelly hits you!
* * * LOW HITPOINT WARNING * * *
The azure jelly closely misses you.
Unknown command.
You pummel the azure jelly!! You freeze the azure jelly.
The azure jelly is heavily wounded.
You block the azure jelly's attack. The azure jelly misses you.
The azure jelly hits you but does no damage.
The azure jelly hits you.
* * * LOW HITPOINT WARNING * * *
Unknown command.
You pummel the azure jelly!!
The azure jelly is severely wounded.
You block the azure jelly's attack.
The azure jelly hits you but does no damage.
The azure jelly hits you!
* * * LOW HITPOINT WARNING * * *
The azure jelly hits you!
* * * LOW HITPOINT WARNING * * *
You feel much better. The azure jelly closely misses you.
The azure jelly hits you.
* * * LOW HITPOINT WARNING * * *
The azure jelly freezes you! You resist.
* * * LOW HITPOINT WARNING * * *
The azure jelly completely misses you. The azure jelly closely misses you.
Unknown command.
Unknown command.
The azure jelly jiggles.
The azure jelly barely misses you. The azure jelly hits you.
* * * LOW HITPOINT WARNING * * *
The azure jelly freezes you! You resist.
You die...

* ##* ########### ...##
###.........### .....#
#.............###
#.....####...JY###......##
..#.....###.....####.....#
*,_.........#......#
##....#
,..#.............####.....#
,#......##########.......##
.....## #######........##
,...######...........####
####...............##
###.......###########


You could see an azure jelly.

Vanquished Creatures
  A quicksilver ooze (IceCv)
  A two-headed ogre (D:9)
  Joseph (D:7)
  An ice statue (IceCv)
  3 entropy weaver simulacra (IceCv)
  A troll (D:9)
  A queen bee (D:9)
  9 slime creatures (IceCv)
  5 yaks (D:9)
  A shadow (D:6)
  2 wyverns
  2 steam dragons
  Menkaure (D:4)
  2 wargs (Orc:1)
  5 demonic crawler simulacra (IceCv)
  2 water moccasins
  15 orc warriors
  2 ice beasts (D:5)
  2 sky beasts (D:6)
  A black bear (D:7)
  2 ugly thing simulacra (IceCv)
  A necrophage (D:6)
  8 ogres
  4 wolves
  5 centaurs
  2 kobold brigands
  A phantom (D:4)
  5 bullfrogs
  A gnoll sergeant (D:7)
  4 glowing shapeshifter simulacra (IceCv)
  A water moccasin skeleton (D:6)
  31 killer bees
  9 wights
  An electric eel (D:8)
  2 centaur zombies
  6 hounds
  6 orc priests
  2 bullfrog skeletons
  3 jellies
  2 centaur skeletons
  Natasha (thrice) (D:3)
  15 orc wizards
  An iguana (D:5)
  A killer bee zombie (D:8)
  2 howler monkey zombies (D:8)
  Robin (D:3)
  4 adders
  4 gnolls (D:7)
  A howler monkey skeleton (D:3)
  A shadow imp (D:7)
  A white imp (D:8)
  An ufetubus (D:5)
  2 dart slugs
  55 orcs
  7 bats
  9 endoplasms
  5 giant cockroaches
  12 hobgoblins
  3 jackals (D:1)
  34 kobolds
  6 quokkas
  4 ball pythons
  A ball python skeleton (D:3)
  2 frilled lizards (D:1)
  23 goblins
  5 rats
357 creatures vanquished.

Vanquished Creatures (others)
  2 fungi (D:6)
  10 plants
12 creatures vanquished.

Grand Total: 369 creatures vanquished

Notes
Turn   | Place    | Note
-------+----------+-------------------------------------------
     0 | D:1      | ytrimaz the Octopode Transmuter began the quest for the
                  | Orb.
     0 | D:1      | Reached XP level 1. HP: 13/13 MP: 3/3
   172 | D:1      | Reached XP level 2. HP: 14/18 MP: 3/5
   801 | D:1      | Found a faded altar of an unknown god.
   804 | D:1      | Reached XP level 3. HP: 23/23 MP: 6/6
   808 | D:1      | Learned a level 3 spell: Spider Form
   811 | D:1      | Learned a level 2 spell: Wereblood
  1844 | D:2      | Reached XP level 4. HP: 28/28 MP: 6/8
  2319 | D:3      | Noticed Robin
  2350 | D:3      | Killed Robin
  2531 | D:3      | Reached skill level 4 in Unarmed Combat
  2531 | D:3      | Reached XP level 5. HP: 34/34 MP: 4/9
  2536 | D:3      | Learned a level 4 spell: Ice Form
  2613 | D:3      | Noticed Natasha
  2636 | D:3      | Killed Natasha
  2842 | D:3      | Noticed Natasha
  2848 | D:3      | Killed Natasha
  3102 | D:3      | Noticed Natasha
  3111 | D:3      | Killed Natasha
  3112 | D:3      | Reached XP level 6. HP: 4/39 MP: 8/11
  3462 | D:4      | Found a sparkling altar of Nemelex Xobeh.
  3664 | D:4      | Found a glowing silver altar of Zin.
  3986 | D:4      | Reached skill level 5 in Unarmed Combat
  4070 | D:4      | Found a staircase to the Ecumenical Temple.
  4093 | D:4      | Reached XP level 7. HP: 45/45 MP: 7/12
  4122 | Temple   | Entered the Ecumenical Temple
  4420 | Temple   | Became a worshipper of Ashenzari the Shackled
  4515 | D:4      | Found a hazy altar of Hepliaklqana.
  4575 | D:4      | Noticed Menkaure
  4590 | D:4      | Killed Menkaure
  4718 | D:4      | Found an iron altar of Okawaru.
  4896 | D:5      | Entered Level 5 of the Dungeon
  5507 | D:5      | Reached XP level 8. HP: 36/52 MP: 9/14
  5732 | D:5      | Reached skill level 6 in Unarmed Combat
  6950 | D:6      | Reached skill level 5 in Transmutations
  7146 | D:6      | Reached * piety under Ashenzari
  7351 | D:6      | Noticed a shadow
  7368 | D:6      | Killed a shadow
  7369 | D:6      | Reached skill level 7 in Unarmed Combat
  7369 | D:6      | Reached skill level 5 in Spellcasting
  7369 | D:6      | Reached XP level 9. HP: 41/58 MP: 9/16
  8026 | D:6      | Found a runed translucent gate.
  8026 | D:6      | Found a runed translucent gate.
  8026 | D:6      | Found a runed translucent gate.
  8030 | D:6      | Noticed bande's ghost (novice GrFi)
  8030 | D:6      | Noticed a kobold demonologist
  8376 | D:7      | Found Uwnoxt's Weapon Shoppe.
  8498 | D:7      | Noticed Joseph
  8537 | D:7      | Reached skill level 5 in Dodging
  8968 | D:7      | Found a burning altar of Makhleb.
  9213 | D:7      | Reached skill level 5 in Fighting
  9269 | D:7      | Killed Joseph
  9270 | D:7      | Reached skill level 8 in Unarmed Combat
  9270 | D:7      | Reached XP level 10. HP: 18/66 MP: 5/19
 10376 | D:8      | Found a white marble altar of Elyvilon.
 10418 | D:8      | Reached ** piety under Ashenzari
 10457 | D:8      | Found a sacrificial altar of Ru.
 10782 | D:8      | Found a shimmering blue altar of Sif Muna.
 10994 | D:8      | Found a hide-covered altar of Uskayaw.
 11009 | D:8      | Found a stormy altar of Qazlal.
 11550 | D:9      | Found a staircase to the Lair.
 11752 | D:9      | Noticed a two-headed ogre
 11769 | D:9      | Killed a two-headed ogre
 11770 | D:9      | Reached skill level 9 in Unarmed Combat
 12116 | D:9      | Reached XP level 11. HP: 72/72 MP: 2/21
 12517 | D:9      | Found a staircase to the Orcish Mines.
 12793 | D:9      | Reached skill level 10 in Unarmed Combat
 13080 | Orc:1    | Entered Level 1 of the Orcish Mines
 13270 | Orc:2    | Entered Level 2 of the Orcish Mines
 13270 | Orc:2    | Found a frozen archway.
 13588 | IceCv    | Entered an ice cave
 14734 | IceCv    | Reached XP level 12. HP: 81/81 MP: 20/24
 14912 | IceCv    | Reached skill level 11 in Unarmed Combat
 15250 | IceCv    | Noticed a quicksilver ooze
 15378 | IceCv    | Killed a quicksilver ooze
 15536 | IceCv    | Found a viscous altar of Jiyva.
 15536 | IceCv    | Noticed an azure jelly
 15550 | IceCv    | HP: 3/97 [azure jelly (9)]
 15554 | IceCv    | Slain by an azure jelly

Illustrated notes

Levels and vault maps discovered:
D:1:      grunt_arrival_lava_bath, layout_basic,
          hellmonk_ecumenical_altar_arch_garden
D:2:      layout_loops_ring, amcnicky_mini_pool_small,
          hangedman_decor_peaks_small
D:3:      layout_rooms, minivault_26, amethyst_killhole, minivault_26,
          fountainhead, chequers_mini_garden, minmay_pentangle, uniq_natasha,
          uniq_robin
D:4:      layout_basic, okawaru_altar_gauntlet_db, old_standard_altar,
          nzn_hepliaklqana_mist_gate, zin_statuary, minmay_temple_entry_mist,
          uniq_menkaure
D:5:      kennysheep_kobold_camp, layout_basic
D:6:      layout_loops_ring, gammafunk_ghost_nasty_kobolds
D:7:      layout_loops_cross, mainiacjoe_overflow_alcove_1,
          nicolae_take_the_stairs, kennysheep_generic_room_8, uniq_joseph
D:8:      layout_basic, mainiacjoe_overflow_tiny_flanked,
          overflow_temple_1_default, nicolae_overflow_squiral,
          general_overflow_altar
D:9:      layout_roguey, erik_lair_island, david_orc_5, special_room
          [special_room_bee]
Temple:   jpeg_temple_island
Orc:1:    layout_caves
Orc:2:    grunt_orc_tribal_feast, layout_diamond_mine,
          portal_ice_cave_entry_pillars_1
IceCv:    ice_cave_hellmonk_azure_passage

Skill      XL: |  1  2  3  4  5  6  7  8  9 10 11 12 |
---------------+-------------------------------------+-----
Unarmed Combat | 4 5 7 8 9 10 11 | 11.2
Spellcasting   | 3 4 5 6 7 8 |  8.4
Transmutations | 3 4 5 6 7 8 |  8.6
Fighting       | 2 3 5 6 7 |  7.5
Dodging        | 4 5 7 8 |  8.8
Shields        | |  0.6
Poison Magic   | |  0.3
Evocations     | |  0.3

Action                   |  1- 3 |  4- 6 |  7- 9 | 10-12 || total
-------------------------+-------+-------+-------+-------++-------
Melee: Unarmed           |   102 |   136 |   304 |   501 ||  1043
       Constrict         |    29 |    28 |    18 |     6 ||    81
       Kick              |    11 |     7 |     3 |       ||    21
       Tentacles         |    12 |    15 |    17 |    12 ||    56
       Punch             |     1 |       |     8 |     2 ||    11
 Cast: Beastly Appendage |    14 |    11 |     4 |       ||    29
       Wereblood         |       |     5 |    15 |     7 ||    27
       Spider Form       |       |     4 |    18 |     5 ||    27
       Ice Form          |       |       |     3 |    41 ||    44
Invok: Curse Item        |       |       |     3 |     2 ||     5
Evoke: Wand              |       |       |     2 |     1 ||     3
  Use: Scroll            |     1 |     4 |     9 |       ||    14
       Potion            |     1 |     2 |     8 |     2 ||    13
 Stab: Sleeping          |     4 |     4 |     2 |       ||    10
       Invisible         |       |       |     1 |       ||     1
       Paralysed         |       |       |       |    10 ||    10
Armor: Skin              |     7 |     9 |    20 |    77 ||   113
Dodge: Dodged            |    55 |    81 |   244 |   409 ||   789
Block: Other             |       |       |    38 |   108 ||   146
       Reflection        |       |       |       |     2 ||     2

Table legend: (Time is in decaauts)
 A = Elapsed time spent in this place.
 B = Non-inter-level travel time spent in this place.
 C = Inter-level travel time spent in this place.
 D = Time resting spent in this place.
 E = Time spent auto-exploring this place.
 F = Levels seen in this place.
 G = Mean time per level.
                   A        B        C        D        E       F      G
               +--------+--------+--------+--------+--------+-----+--------+
         Total |  15393 |  15023 |    370 |   2045 |  10419 |  13 | 1184.1 |
       Dungeon |  12637 |  12307 |    330 |    839 |   9407 |   9 | 1404.1 |
        Temple |    330 |    299 |     31 |      0 |    288 |   1 |  330.0 |
  Orcish Mines |    494 |    485 |      9 |    177 |    134 |   2 |  247.0 |
      Ice Cave |   1930 |   1930 |      0 |   1029 |    590 |   1 | 1930.0 |
               +--------+--------+--------+--------+--------+-----+--------+

Top non-repeatable levels by time:
   IceCv: 1930 daAuts
     D:5: 1829 daAuts
     D:6: 1812 daAuts
     D:9: 1641 daAuts
     D:7: 1426 daAuts
     D:4: 1261 daAuts
     D:8: 1222 daAuts
     D:3: 1213 daAuts
     D:1: 1158 daAuts
     D:2: 1070 daAuts
   Orc:1: 398 daAuts
  Temple: 330 daAuts
   Orc:2: 96 daAuts
